cohdb
Replays
Latest Replays
All Replays
Popular Replays
Top Player Replays
Match Explorer
How It Works
Community
CoH3 Stats
Reddit
Sign in to upload your games and track your stats! →
Sign in with Steam
Match 45395251
Unlisted
Match 45395251
Overview
Messages
Build Orders
End
Pioneer Squad
Construct Infanterie Kompanie
MG 42 Machine Gun Team
Grenadier Squad
Grenadier Squad
Construct Luftwaffe Kompanie
221 Scout Car
GrW 34 Mortar Team
Medical Bunker
Jäger Squad
Construct Panzer Kompanie
Selects Terror Battlegroup
Selects Heavy Gunnery
Selects Defend the Fatherland
Stoßtruppen Squad
Panzer IV Medium Tank
Jäger Squad
Panzer Officer Quarters
Stoßtruppen Squad
Luftwaffe Officer Quarters
221 Scout Car
Panzer IV Medium Tank
Side Skirts
Selects King Tiger Heavy Tank
King Tiger Heavy Tank
Selects Interrogate
Selects Propaganda Leaflet Drop
King Tiger Heavy Tank
Selects V1 Rocket Strike
V1 Rocket Strike
Jäger Squad
V1 Rocket Strike
Boneless
Arwootarch
BazookaJoe
Personal Iroha Cushion
Geffery
cheez931
0
0
Comments
sign in to comment!
No comments posted yet!